 Dungeon Crawl Stone Soup version 0.31-a0-233-g139696dc86 (webtiles) character file.

Game seed: 9468351079531710397

16 reriks the Caller (level 2, -2/15 HPs)
             Began as a Deep Elf Summoner on July 9, 2023.
             Slain by a kobold
             ... wielding a +3 short sword
              (4 damage)
             ... on level 1 of the Dungeon.
             The game lasted 00:00:59 (927 turns).

reriks the Caller (Deep Elf Summoner)                Turns: 927, Time: 00:01:00

Health: -2/15      AC:  2    Str:  5    XL:     2   Next: 37%
Magic:  2/8        EV: 13    Int: 19    God:
Gold:   14         SH:  0    Dex: 15    Spells: 6/7 levels left

rFire   . . .        d - +0 whip
rCold   . . .        (no shield)
rNeg    . . .        a - +0 robe
rPois   .            (no helmet)
rElec   .            (no cloak)
rCorr   .            (no gloves)
SInv    .            (no boots)
Will    .....        (no amulet)
Stlth   ++           (no ring)
HPRegen 0.22/turn    (no ring)
MPRegen 0.11/turn

%: no passive effects
@: no status effects
A: no striking features
a: no special abilities


You were on level 1 of the Dungeon.
You visited 1 branch of the dungeon, and saw 1 of its levels.

You collected 14 gold pieces.

Inventory:

Hand Weapons
 d - a +0 whip (weapon)
Armour
 a - a +0 robe (worn)
Potions
 b - a potion of magic
 c - 2 potions of cancellation {unknown}


   Skills:
 + Level 2.8 Dodging
 + Level 2.8 Stealth
 + Level 3.3 Spellcasting
 + Level 4.5 Summonings


You had 6 spell levels left.
You knew the following spells:

 Your Spells              Type           Power      Damage    Failure   Level
a - Summon Small Mammal   Summ           80%        N/A       2%          1

Your spell library contained the following spells:

 Spells                   Type           Power      Damage    Failure   Level
 Call Imp                 Summ           40%        N/A       3%          2
 Call Canine Familiar     Summ           20%        N/A       7%          3
 Summon Guardian Golem    Hex/Summ       11%        N/A       17%         3
 Summon Lightning Spire   Summ/Air       11%        N/A       50%         4


Dungeon Overview and Level Annotations

Branches:
Dungeon (1/15)

Altars:


Message History

Your quokka completely misses the jackal.
Casting: Summon Small Mammal (safe; 2% risk of failure)
Confirm with . or Enter, or press ? or * to list all spells.
Your quokka disappears in a puff of smoke!
Your bat hits the jackal. The jackal barely misses you.
The kobold hits your bat with a +3 short sword.
Your bat dies!
Your bat's corpse disappears in a puff of smoke!
The jackal bites you.
Your bat closely misses the jackal.
Casting: Summon Small Mammal (safe; 2% risk of failure)
Confirm with . or Enter, or press ? or * to list all spells.
Your bat misses the jackal. The jackal closely misses you.
The jackal bites you. x2; The jackal misses you.
Your bat barely misses the jackal. x2
The jackal bites you but does no damage.
The jackal bites you.
Your bat hits the kobold.
Casting: Summon Small Mammal (safe; 2% risk of failure)
Confirm with . or Enter, or press ? or * to list all spells.
Your bat disappears in a puff of smoke!
Your bat hits the jackal.
Your bat closely misses the kobold.
The jackal misses you. The jackal closely misses you.
The kobold hits you with a +3 short sword.
* * * LOW HITPOINT WARNING * * *
Your bat closely misses the jackal.
The jackal misses you. The jackal completely misses you. The kobold misses you.
The jackal misses you. The jackal closely misses you.
Your bat barely misses the jackal.
Casting: Summon Small Mammal (safe; 2% risk of failure)
Confirm with . or Enter, or press ? or * to list all spells.
Your bat disappears in a puff of smoke!
Your bat closely misses the jackal.
The jackal bites you but does no damage.
The jackal bites you.
* * * LOW HITPOINT WARNING * * *
The kobold barely misses you.
Your bat closely misses the kobold.
The jackal bites you.
* * * LOW HITPOINT WARNING * * *
The jackal closely misses you.
The kobold hits you with a +3 short sword.
You die...

........####.#.##..
.............#.###.
.............#.###.
##................. ##
#...........#..##. ...##
#.................
.....############.......
#.....h.# #####.###.
.....rh@### #.........
##....Kb..#######'###'##
#.....##...#.+.....#.+.
#..... ###...#'#.#####'
#####. #.#.'.#.#..... #.
#.###.#.#..<.. #. #.#
#.#+#..>.. .. ... #.#
#..... ## #.# ..# +.....


You could see 2 jackals, a kobold (ally target), a friendly bat (summoned) and a
friendly rat (summoned).

Vanquished Creatures
  A ball python (D:1)
1 creature vanquished.

Vanquished Creatures (collateral kills)
  A dart slug (D:1)
  A bat (D:1)
  An endoplasm (D:1)
  A giant cockroach (D:1)
  4 jackals (D:1)
  2 kobolds (D:1)
10 creatures vanquished.

Grand Total: 11 creatures vanquished

Notes
Turn   | Place    | Note
-------+----------+-------------------------------------------
     0 | D:1      | reriks the Deep Elf Summoner began the quest for the Orb.
     0 | D:1      | Reached XP level 1. HP: 10/10 MP: 6/6
   394 | D:1      | Reached XP level 2. HP: 15/15 MP: 4/8
   927 | D:1      | Slain by a kobold

Illustrated notes

Levels and vault maps discovered:
D:1:      shiori_arrival_maze, layout_basic, minmay_misc_feat_tower,
          serial_park_tiny_2, minmay_heptomino_o4

Action                     || total
---------------------------++-------
  Melee: Unarmed           ||     5
   Cast: Summon Small Mamm ||    40
 Armour: Robe              ||     5
  Dodge: Dodged            ||    45

Table legend: (Time is in decaauts)
 A = Elapsed time spent in this place.
 B = Non-inter-level travel time spent in this place.
 C = Inter-level travel time spent in this place.
 D = Time resting spent in this place.
 E = Time spent auto-exploring this place.
 F = Levels seen in this place.
 G = Mean time per level.
                   A        B        C        D        E       F      G
               +--------+--------+--------+--------+--------+-----+--------+
         Total |    926 |    926 |      0 |    606 |    163 |   1 |  926.0 |
       Dungeon |    926 |    926 |      0 |    606 |    163 |   1 |  926.0 |
               +--------+--------+--------+--------+--------+-----+--------+

Top non-repeatable levels by time:
     D:1: 926 daAuts
